[Event "ETCC Women 2013"]
[Site "Warsaw"]
[Date "2013.11.15"]
[Round "7"]
[White "Abdulla, Khayala"]
[Black "Haast, Anne"]
[Result "0-1"]
[ECO "B47"]
[WhiteElo "2255"]
[BlackElo "2262"]
[PlyCount "146"]
[EventDate "2013.??.??"]
[EventCountry "POL"]
[WhiteTeam "Azerbaijan"]
[BlackTeam "Netherlands"]
[WhiteTeamCountry "AZE"]
[BlackTeamCountry "NED"]
[TimeControl "40/5400+30:1800+30"]

1. e4 c5 2. Nf3 e6 3. d4 cxd4 4. Nxd4 Nc6 5. Nc3 Qc7 6. Be2 a6 7. O-O Nf6 8. Kh1 h5 9. Nxc6 dxc6 10.
f4 Ng4 11. e5 Bd7 12. Ne4 O-O-O 13. Qe1 Be7 14. Bd2 Kb8 15. Rf3 Ka8 16. Rb3 Rb8 17. Rd1 f5 18. Nd6 Bxd6 19. exd6 Qxd6 20. Be3 Qc7 21. Bg1 Rbd8 22. Qb4 b5 23. Qc5 Bc8 24.
Rxd8 Rxd8 25. Bf3 Kb8 26. a4 Bb7 27. axb5 axb5 28. c4 Rd6 29.
cxb5 Kc8 30. bxc6 Bxc6 31. Rc3 Kd7 32. b4 Qb7 33. Bxc6+ Rxc6 34. Qd4+ Ke8 35. Rd3 Nf6 36. Qd8+ Kf7 37. Bc5 Rc8 38. Qd4 Ra8 39. h3 Ra2 40. Rd2 Ra3 41. Kh2 Qb5 42. Qe5 Qf1 43. Bd4 Kg6 44.
Rf2 Qc4 45. b5 Rd3 46. Bb2 Rb3 47. Rf3 Rxb5 48. Rg3+ Kh6 49. Qd4 Qxd4 50. Bxd4 Ne4 51. Ra3 Rd5 52. Be5 g5 53. Ra6 Nc5 54. Rc6 Kg6 55. g3 h4 56. gxh4 gxf4 57. Bxf4 Nd3 58. Bg5 Re5 59. Kg3 Re4 60. Rd6 f4+ 61. Kg2 Re2+ 62. Kf1 Re3 63. Rd8 Kf5 64. Rd4 e5 65. Ra4 Rxh3 66.
Ke2 e4 67. Kd2 Ne5 68. Ra5 Rh2+ 69. Kc3 e3 70. Kd4 Rd2+ 71. Kc3 Rd3+ 72. Kc2 e2 73. Ra1 Re3 0-1

[Event "ETCC Women 2013"]
[Site "Warsaw"]
[Date "2013.11.15"]
[Round "7"]
[White "Alexandrova, Olga"]
[Black "Cmilyte, Viktorija"]
[Result "0-1"]
[ECO "A57"]
[WhiteElo "2427"]
[BlackElo "2506"]
[PlyCount "110"]
[EventDate "2013.??.??"]
[EventCountry "POL"]
[WhiteTeam "Spain"]
[BlackTeam "Lithuania"]
[WhiteTeamCountry "ESP"]
[BlackTeamCountry "LTU"]
[TimeControl "40/5400+30:1800+30"]

1. d4 Nf6 2. c4 c5 3. d5 b5 4. Qc2 bxc4 5. e4 g6 6. Bxc4 d6 7. Nf3 Bg7 8. O-O O-O 9. Nc3 Ba6 10. Nd2 Nfd7 11. b3 Ne5 12. Bb2 Bxc4 13.
Nxc4 Nxc4 14. bxc4 Nd7 15. Na4 Qa5 16. Bxg7 Kxg7 17. Rab1 Rab8 18. h3
Nf6 19. Nc3 Rb4 20. Rxb4 cxb4 21. Ne2 Qc5 22. Rc1 Rc8 23. Qb2 Kg8 24. e5 Ne4 25. Qd4 Nc3 26. Qxc5
Nxe2+ 27. Kf1 Rxc5 28. Kxe2 dxe5 29. Kd3 Kf8 30. f4 exf4 31. Kd4 Ra5 32. Rc2 Ke8 33. Rb2 Kd7 34.
Rxb4 Kd6 35. Rb8 e5+ 36. dxe6 fxe6 37. c5+ Kc6 38. Rc8+ Kd7 39. Rh8 Rxa2 40. Rxh7+ Kc6 41. Ke5 g5 42.
Kxe6 a5 43. h4 Rxg2 44. hxg5 Rxg5 45. Rf7 Kxc5 46. Rxf4 Kb5 47. Kd6
Rg6+ 48. Kd5 Rg5+ 49. Kd6 a4 50. Rf3 Rg4 51. Kd5 Kb4 52. Rf8 a3 53. Ra8 Kb3 54. Kc5 a2 55. Rb8+ Ka3 0-1

[Event "ETCC Women 2013"]
[Site "Warsaw"]
[Date "2013.11.15"]
[Round "7"]
[White "Barbier, Wiebke"]
[Black "L'Ami, Alina"]
[Result "0-1"]
[ECO "B10"]
[WhiteElo "1945"]
[BlackElo "2361"]
[PlyCount "50"]
[EventDate "2013.??.??"]
[EventCountry "POL"]
[WhiteTeam "Belgium"]
[BlackTeam "Romania"]
[WhiteTeamCountry "BEL"]
[BlackTeamCountry "ROU"]
[TimeControl "40/5400+30:1800+30"]

1. e4 c6 2. d3 g6 3. Be2 Bg7 4. Nf3 d5 5. O-O e5 6. c3 Ne7 7. Qc2 O-O 8. Nbd2 h6 9. Re1 Be6 10. Bf1 Nd7 11. b3 f5 12. Ba3 c5 13. Rad1 Rc8 14. exd5 Bxd5 15. g3 g5 16. d4 e4 17. dxc5 exf3 18. c6 Nxc6 19. Bxf8 Qxf8 20.
Nxf3 Nb4 21. Qb1 Rxc3 22. Nd4 Ne5 23. a3 Nbc6 24. Ne2 Nf3+ 25. Kh1 Nd2+ 0-1

[Event "ETCC Women 2013"]
[Site "Warsaw"]
[Date "2013.11.15"]
[Round "7"]
[White "Bartel, Marta"]
[Black "Muzychuk, Mariya"]
[Result "0-1"]
[ECO "E38"]
[WhiteElo "2308"]
[BlackElo "2491"]
[PlyCount "168"]
[EventDate "2013.??.??"]
[EventCountry "POL"]
[WhiteTeam "Poland"]
[BlackTeam "Ukraine"]
[WhiteTeamCountry "POL"]
[BlackTeamCountry "UKR"]
[TimeControl "40/5400+30:1800+30"]

1. d4 Nf6 2. c4 e6 3. Nc3 Bb4 4. Qc2 c5 5. dxc5 Na6 6. Nf3 Nxc5 7. a3 Bxc3+ 8.
Qxc3 d5 9. cxd5 Qxd5 10. Be3 Nce4 11. Qd4 O-O 12. g3 Rd8 13. Bg2 Qa5+ 14. b4 Rxd4 15. bxa5 Ra4 16. Nd2 Bd7 17. Nxe4 Nxe4 18. O-O Bc6 19. Rfc1 f5 20. Bxe4 Bxe4 21. Bd2 Rd4 22. Bb4 Rd7 23. f3 Bd5 24. Kf2 a6 25. Rc5 Bc6 26. Rac1 Kf7 27. R5c2 Rad8 28. h4 e5 29. Rc5 Rd5 30. e4 fxe4 31. fxe4 Rxc5 32. Rxc5 Ke6 33. Bc3 Rd3 34. Bxe5 Bxe4 35. Bxg7 Rf3+ 36. Ke2 Rxg3 37. Re5+ Kd6 38. Rg5 Rh3 39. Be5+ Kc6 40. Bg3 Rh1 41. Be1 Bg6 42. Bf2 Ra1 43. Rc5+ Kd6 44. Rc3 Rb1 45. Kf3 Rb5 46. Bb6 Rf5+ 47. Kg3 Rf1 48. Kg2 Rf7 49. Kg3 Be4 50. Bd4 Kd5 51. Bb6 Ke5 52. Rc5+ Ke6 53. Rc3 h5 54. Bd8 Ke5 55. Bg5 Rf1 56. Bd8 Kd4 57.
Rb3 Rg1+ 58. Kf2 Rg2+ 59. Kf1 Ra2 60. Bb6+ Ke5 61. Rg3 Ke6 62. Kg1 Bf5 63. Kf1 Bg4 64. Rc3 Ke5 65. Ke1 Kf4 66. Bc7+ Ke4 67.
Bb6 Bf3 68. Bd8 Kf4 69. Bc7+ Kg4 70. Rc4+ Kh3 71. Rc3 Kg2 72. Re3 Ra1+ 73. Kd2 Rd1+ 74. Kc2 Rd4 75. Bb6 Rxh4 76. Kd2 Rh1 77. Re7 Ra1 78. Rg7+ Kh3 79. Bc5 Rb1 80. Ke3 Rb3+ 81. Kf2 Bg4 82. Bb4 Rf3+ 83. Kg1 Rf5 84. Rxb7 Be2 0-1

[Event "ETCC Women 2013"]
[Site "Warsaw"]
[Date "2013.11.15"]
[Round "7"]
[White "Batkovskyte, Dominyka"]
[Black "Hernandez Estevez, Yudania"]
[Result "1/2-1/2"]
[ECO "D10"]
[WhiteElo "2111"]
[BlackElo "2284"]
[PlyCount "114"]
[EventDate "2013.??.??"]
[EventCountry "POL"]
[WhiteTeam "Lithuania"]
[BlackTeam "Spain"]
[WhiteTeamCountry "LTU"]
[BlackTeamCountry "ESP"]
[TimeControl "40/5400+30:1800+30"]

1. d4 d5 2. c4 c6 3. Nc3 Nf6 4. e3 a6 5. Nf3 b5 6. b3 Bg4 7. Be2 e6 8. O-O Bd6 9. Bb2 Nbd7 10.
h3 Bf5 11. Nh4 Be4 12. Nf3 O-O 13. Nxe4 Nxe4 14. Bd3 f5 15. Rc1 Rc8 16. Qe2 Qa5
17. cxd5 exd5 18. a4 Bb8 19. axb5 axb5 20. Rc2 Qb4 21. Rfc1 Qxb3 22. Bxb5 f4
23. Bxc6 Rxc6 24. Rxc6 fxe3 25. fxe3 Ng3 26. Qd2 Ne4 27. Qe2 Ng3 28. Qd2 Nf6
29. Rc8 Nfe4 30. Rxf8+ Kxf8 31. Rc8+ Ke7 32. Rxb8 Qxb8 33. Ba3+ Ke6 34. Qb4
Qxb4 35. Bxb4 Nf5 36. Bd2 Nxd2 37. Nxd2 Nxe3 38. Kf2 Nc2 39. Nb3 Kf5 40. Kf3
Ne1+ 41. Kf2 Nc2 42. Kf3 h5 43. h4 g6 44. g3 g5 45. hxg5 Kxg5 46. Ke2 Kg4 47.
Kf2 Kg5 48. Ke2 Kf5 49. Kf3 Kg6 50. Kf4 Kf6 51. g4 h4 52. g5+ Kg6 53. Kg4 h3
54. Kxh3 Kxg5 55. Kg3 Kf5 56. Kf3 Kg5 57. Kg3 Kf5 1/2-1/2

[Event "ETCC Women 2013"]
[Site "Warsaw"]
[Date "2013.11.15"]
[Round "7"]
[White "Benmesbah, Natacha"]
[Black "Schnegg, Anna-Lena"]
[Result "1/2-1/2"]
[ECO "C55"]
[WhiteElo "2248"]
[BlackElo "2076"]
[PlyCount "128"]
[EventDate "2013.??.??"]
[EventCountry "POL"]
[WhiteTeam "France"]
[BlackTeam "Austria"]
[WhiteTeamCountry "FRA"]
[BlackTeamCountry "AUT"]
[TimeControl "40/5400+30:1800+30"]

1. e4 e5 2. Nf3 Nc6 3. Bc4 Nf6 4. d3 Be7 5. O-O O-O 6. Re1 d6 7. c3 Na5 8. Bb5 a6 9. Ba4 b5 10. Bc2 c5 11. h3 Qc7 12. d4 Bd7 13. Nbd2 Rfc8 14. d5 c4 15. Nf1 Nb7 16. g4 h5 17. N3h2 hxg4 18. hxg4 g6 19. Bg5 Nxd5 20. Bxe7 Nxe7 21. Ne3 Kg7 22. Qf3 f6 23. g5 fxg5 24. Qg3 Rh8 25. Qxg5 Qd8 26. Neg4 Ng8 27. Qxd8 Rxd8 28. a4 Nf6 29. Nxf6 Kxf6 30. axb5 axb5 31. Ra7 Nc5 32. Rd1 Ke7 33. Nf1 Ra8 34. Rda1 Rxa7 35. Rxa7 Ke6 36. Bd1 Bc6 37. Bg4+ Kf6 38. f3 Rd8 39. Rc7 Bd7 40. Ne3 Bxg4 41. Nxg4+ Ke6 42. Rg7 Nd3 43. Rxg6+ Kf7 44. Rh6 Nxb2 45. Rh7+ Kg6 46. Rb7 Nd1 47. Rxb5 Nxc3 48. Rb6 Kg5 49. Rc6 Ne2+ 50. Kf2 Nd4 51. Rxc4 Rb8 52. Rc3 Rb2+ 53. Ke3 Re2+ 54. Kd3 Kf4 55. Rc6 Nxc6 56. Kxe2 Nd4+ 57. Kd3 Nxf3 58. Nf6 Ng5 59. Nd5+ Kf3 60. Nf6 Kf4 61. Nd5+ Kf3 62. Nf6 Ne6 63. Kc4 Nc7 64. Kd3 Ne6 1/2-1/2

[Event "ETCC Women 2013"]
[Site "Warsaw"]
[Date "2013.11.15"]
[Round "7"]
[White "Berke, Ana"]
[Black "Thuerig, Catherine"]
[Result "0-1"]
[ECO "B14"]
[WhiteElo "2139"]
[BlackElo "1997"]
[PlyCount "168"]
[EventDate "2013.??.??"]
[EventCountry "POL"]
[WhiteTeam "Croatia"]
[BlackTeam "Switzerland"]
[WhiteTeamCountry "CRO"]
[BlackTeamCountry "SUI"]
[TimeControl "40/5400+30:1800+30"]

1. e4 c6 2. d4 d5 3. exd5 cxd5 4. c4 Nf6 5. Nc3 e6 6. Nf3 Bb4 7. cxd5 Nxd5 8. Bd2 Nc6 9. Bd3 Be7 10. O-O Ndb4 11. Bf4 Nxd3 12. Qxd3 O-O 13. a3 a6 14. Rad1 Bd6 15. Ng5 g6 16. Bc1 e5 17. dxe5 Bxe5 18.
Qe4 Qe8 19. Rfe1 f6 20. Nf3 Bf5 21. Qc4+ Be6 22. Qe2 Qf7 23.
Nxe5 Nxe5 24. f4 Bg4 25. Qe3 Nc4 26. Qc5 Rfc8 27. Qb4 a5 28. Qb5 Bxd1 29. Rxd1 Rc6 30. b3 Nd6 31. Qd5 Rac8 32. Bb2 Qxd5 33. Nxd5 Kf7 34. Nxf6 h5 35. g4 hxg4 36. Nxg4 Ke6 37. Re1+ Kf5 38. h3 Ne4 39. Be5 Rc1 40. Ne3+ Ke6 41. Rxc1 Rxc1+ 42. Kg2 Rb1 43. Nc4 Rxb3 44. Nxa5 Rg3+ 45. Kh2 b5 46. Nc6 Rxa3 47. Nd4+ Kf7 48. Nxb5 Ra2+ 49. Kg1 Nf2 50. h4 Nd3 51. Nd4 Ra4 52. Nf3 Nxf4 53. Kh2 Ne6 54. Kg3 Ng7 55. Ng5+ Kg8 56. Nf3 Nf5+ 57. Kh3 Kf8 58. Bf6 Kf7 59. Bg5 Ke6 60.
Kg2 Ng7 61. Kg3 Nh5+ 62. Kf2 Kf5 63. Ke3 Ra3+ 64. Kf2 Ke4 65. Nd2+ Kf5 66. Nf3 Ke4 67. Nd2+ Kf5 68. Nf3 Ra2+ 69. Ke3 Ra3+ 70. Kf2 Nf4 71. Bh6 Ra2+ 72. Ke3 Ng2+ 73. Kd4 Ra4+ 74. Kd3 Nxh4 75. Nd4+ Kg4 76. Ne6 Nf5 77. Bc1 Ra6 78. Nc5 Rc6 79. Kc4 Rc8 80. Kd5 Ng3 81. Bb2 Ne2 82. Bf6 Nf4+ 83. Kd4 Kf5 84. Nd7 Rc7 0-1

[Event "ETCC Women 2013"]
[Site "Warsaw"]
[Date "2013.11.15"]
[Round "7"]
[White "Bhatia, Kanwal K"]
[Black "Gurcan, Aytolun"]
[Result "1-0"]
[ECO "B22"]
[WhiteElo "2039"]
[BlackElo "1745"]
[PlyCount "137"]
[EventDate "2013.??.??"]
[EventCountry "POL"]
[WhiteTeam "England"]
[BlackTeam "Turkey"]
[WhiteTeamCountry "ENG"]
[BlackTeamCountry "TUR"]
[TimeControl "40/5400+30:1800+30"]

1. e4 c5 2. c3 d5 3. exd5 Qxd5 4. d4 Nf6 5. Nf3 Bg4 6. dxc5 Qxc5 7. Na3 a6 8. h3 Bh5 9. Be3 Qc7 10. g4 Bg6 11. Bg2 e6 12. O-O Nbd7 13. Qa4 Rc8 14. Bf4 Bd6 15. Bxd6 Qxd6 16. Rad1 Qc7 17. Qd4 O-O 18. Qd6 Nc5 19. Ne5 Na4 20. Nxg6 hxg6 21. Qxc7 Rxc7 22. Rd2 Nd5 23. Bxd5 exd5 24. Rb1 Rd8 25. Rd4 b5 26. Nc2 Rc4 27. Kf1 f6 28. Ke2 Kf7 29. Kd2 Rxd4+ 30. Nxd4 Rh8 31. b3 Nc5 32. f3 Rxh3 33. Ke3 Ne6 34. Ne2 Ng5 35. Rf1 Rh8 36. Nf4 Re8+ 37. Kd4 Rd8 38. Kc5 Ne6+ 39. Nxe6 Kxe6 40. Re1+ Kf7 41. Re3 Rh8 42. Kb6 b4 43. cxb4 Rb8+ 44.
Kxa6 Rxb4 45. a3 d4 46. Rd3 Rb8 47. b4 Ke6 48. Ka7 Rd8 49. b5 Kd5 50. a4 Kc4 51. Rd1 Kc3 52. b6 Kc2 53. Rh1 Rd5 54. Ka6 d3 55. b7 Rd8 56.
Ka7 d2 57. b8=Q Rxb8 58. Kxb8 d1=Q 59. Rxd1 Kxd1 60. f4 Ke2 61. a5 Kf3 62. a6 Kxg4 63. a7 Kxf4 64. a8=Q g5 65. Qg2 g4 66. Kc7 f5 67. Kd6 g3 68. Qe2 g5 69. Ke6 1-0

[Event "ETCC Women 2013"]
[Site "Warsaw"]
[Date "2013.11.15"]
[Round "7"]
[White "Bojkovic, Natasa"]
[Black "Dolzhikova, Olga"]
[Result "1-0"]
[ECO "B00"]
[WhiteElo "2405"]
[BlackElo "2198"]
[PlyCount "93"]
[EventDate "2013.??.??"]
[EventCountry "POL"]
[WhiteTeam "Serbia"]
[BlackTeam "Norway"]
[WhiteTeamCountry "SRB"]
[BlackTeamCountry "NOR"]
[TimeControl "40/5400+30:1800+30"]

1. e4 b6 2. d4 Bb7 3. Bd3 e6 4. Nf3 g6 5. Bg5 Qc8 6. Nc3 Bg7 7. Qd2 h6 8. Be3 Ne7 9. O-O d6 10. h3 Nd7 11. Nh2 a6 12. Ne2 Nf6 13. f3 Kf8 14. Ng4 Nfg8 15.
c4 c5 16. d5 exd5 17. cxd5 h5 18. Nh2 Nf6 19. f4 Nd7 20. Nf3 f5 21. Ng5 Nf6 22. e5 dxe5 23. d6 Nc6 24. Bc4 Na5 25. Be6 Qc6 26. Rf2 Nd5 27. Rc1 Nxe3 28. Qxe3 Qxd6 29. Bb3 Nxb3 30. Qxb3 Bd5 31. Qc2 Bf6 32. Rd1 Qc6 33. Nc3 Bg8 34. Rfd2 Be7 35. Nd5 Bxd5 36. Rxd5 exf4 37. Nf3 Re8 38. Ne5 Qe6 39. Qc3 Bf6 40. Nd7+ Kf7 41. Nxf6 Qe3+ 42. Qxe3 Rxe3 43. Nd7 Rhe8 44. Nxb6 f3 45. Rd7+ Kf8 46. gxf3 Rxf3 47. Rh7 1-0

[Event "ETCC Women 2013"]
[Site "Warsaw"]
[Date "2013.11.15"]
[Round "7"]
[White "Brunello, Marina"]
[Black "Stetsko, Lanita"]
[Result "1/2-1/2"]
[ECO "C45"]
[WhiteElo "2248"]
[BlackElo "2226"]
[PlyCount "91"]
[EventDate "2013.??.??"]
[EventCountry "POL"]
[WhiteTeam "Italy"]
[BlackTeam "Belarus"]
[WhiteTeamCountry "ITA"]
[BlackTeamCountry "BLR"]
[TimeControl "40/5400+30:1800+30"]

1. e4 e5 2. Nf3 Nc6 3. d4 exd4 4. Nxd4 Bc5 5. Nb3 Bb6 6. Qe2 d6 7. Nc3 Be6 8. Be3 Nf6 9. O-O-O Qe7 10. Kb1 O-O-O 11. Bxb6 axb6 12. Nd4 Bd7 13. f3 Qe5 14. Nb3 Be6 15. Qf2 d5 16. exd5 Nxd5 17. Nxd5 Bxd5 18. Re1 Bxb3 19. cxb3 Qf5+ 20. Qc2 Qxc2+ 21. Kxc2 Nb4+ 22. Kb1 Rd2 23. a3 Nc6 24. Bc4 f6 25. Re2 Rxe2 26. Bxe2 Nd4 27. Bd1 Re8 28. b4 f5 29. f4 Re3 30. Kc1 Kd7 31. Kd2 Re4 32. Rf1 Kd6 33. g3 g6 34. Bf3 Nxf3+ 35. Rxf3 Kd5 36. Rd3+ Rd4 37. Ke3 Rxd3+ 38. Kxd3 b5 39. b3 c6 40. Ke3 c5 41. bxc5 Kxc5 42. Kd3 b4 43. a4 b6 44. Ke3 Kd5 45.
Kd3 Kc5 46. Ke3 1/2-1/2

[Event "ETCC Women 2013"]
[Site "Warsaw"]
[Date "2013.11.15"]
[Round "7"]
[White "Bulmaga, Irina"]
[Black "Goossens, Hanne"]
[Result "1-0"]
[ECO "B53"]
[WhiteElo "2399"]
[BlackElo "2069"]
[PlyCount "99"]
[EventDate "2013.??.??"]
[EventCountry "POL"]
[WhiteTeam "Romania"]
[BlackTeam "Belgium"]
[WhiteTeamCountry "ROU"]
[BlackTeamCountry "BEL"]
[TimeControl "40/5400+30:1800+30"]

1. e4 c5 2. Nf3 d6 3. d4 cxd4 4. Qxd4 Nc6 5. Bb5 Qa5+ 6. Nc3 Qxb5 7. Nxb5 Nxd4 8. Nfxd4 Kd8 9. Bg5 Nf6 10. f3 Bd7 11. Nc3 Rc8 12. O-O-O Kc7 13. Rhe1 Kb8 14. Nb3 Be6 15. Nd5 h6 16. Bh4 Rc4 17. Bxf6 gxf6 18. Nd4 Bc8 19. b3 Rc5 20. Kb2 Bd7 21. Nf5 Rxd5 22. Rxd5 e6 23. Rxd6 Kc7 24. Rxd7+ Kxd7 25. Rd1+ Kc7 26. Nd4 a6 27. Ne2 Bd6 28. c3 Rg8 29. g3 h5 30. h4 b6 31. Kc2 Bc5 32. a4 a5 33.
Rb1 Rd8 34. b4 Be3 35. Rd1 Rg8 36. Rd3 Bh6 37. Kb3 Bf8 38. f4 Be7 39. Kc4 axb4 40. cxb4 Ra8 41. Kb5 Bd6 42. Nd4 Rg8 43. Nc2 Ra8 44. Ne3 Rb8 45. Nc4 Be7 46. Rc3 Kb7 47. Nxb6 Bd6 48. a5 Rg8 49. a6+ Kb8 50. a7+ 1-0

[Event "ETCC Women 2013"]
[Site "Warsaw"]
[Date "2013.11.15"]
[Round "7"]
[White "Cemhan, Kardelen"]
[Black "Grigoryan, Meri"]
[Result "0-1"]
[ECO "B13"]
[WhiteElo "1993"]
[BlackElo "2039"]
[PlyCount "64"]
[EventDate "2013.??.??"]
[EventCountry "POL"]
[WhiteTeam "Turkey"]
[BlackTeam "England"]
[WhiteTeamCountry "TUR"]
[BlackTeamCountry "ENG"]
[TimeControl "40/5400+30:1800+30"]

1. e4 c6 2. d4 d5 3. exd5 cxd5 4. Bd3 Nc6 5. c3 g6 6. Bf4 Nh6 7. Nf3 Bf5 8.
Bxf5 gxf5 9. Nbd2 e6 10. Ne5 Nxe5 11. Bxe5 Rg8 12. h3 Bd6 13. Bxd6 Qxd6 14. Qh5 Rg6 15. Nf3 Qf4 16. g3 Qe4+ 17. Kd2 Ng4 18. hxg4 Qxf3 19. Raf1 Rxg4 20. Qxh7 O-O-O 21. Rh4 Re4 22. Rxe4 dxe4 23.
Qxf7 Qd3+ 24. Ke1 Qb1+ 25. Ke2 Qxb2+ 26. Kd1 Qb1+ 27. Ke2 Qd3+ 28. Ke1 Qxc3+ 29. Ke2 Qc4+ 30. Ke1 Rxd4 31. Qf8+ Rd8 32. Qa3 Qc2 0-1

[Event "ETCC Women 2013"]
[Site "Warsaw"]
[Date "2013.11.15"]
[Round "7"]
[White "Corke, Anya S"]
[Black "Ozturk, Kubra"]
[Result "1/2-1/2"]
[ECO "A45"]
[WhiteElo "2276"]
[BlackElo "2281"]
[PlyCount "101"]
[EventDate "2013.??.??"]
[EventCountry "POL"]
[WhiteTeam "England"]
[BlackTeam "Turkey"]
[WhiteTeamCountry "ENG"]
[BlackTeamCountry "TUR"]
[TimeControl "40/5400+30:1800+30"]

1. d4 Nf6 2. Bg5 c5 3. Bxf6 gxf6 4. d5 Qb6 5. Qc1 f5 6. c4 Bg7 7. Nc3 d6 8.
e3 Nd7 9. Nf3 Nf6 10. Nd2 Ne4 11. Ndxe4 fxe4 12. Be2 h5 13. Qd2 Bf5 14. h4 e6 15. Rb1 Ke7 16. g3 Be5 17. Bf1 Rab8 18. Bh3 Bxh3 19. Rxh3 Qb4 20. dxe6 Bxc3 21. Qxc3 Qxc3+ 22. bxc3 Kxe6 23. Ke2 Rhd8 24. Rhh1 d5 25. Rhd1 b6 26. cxd5+ Rxd5 27. c4 Rxd1 28. Rxd1 b5 29. Rb1 a6 30. Rb3 b4 31. Rb2 Rd8 32. f3 f5 33. fxe4 fxe4 34. Rb1 Rd3 35.
g4 Ra3 36. Kf2 hxg4 37. Kg3 Rxe3+ 38. Kxg4 Re2 39. h5 Rg2+ 40. Kf4 Rh2 41. Rg1 Kf7 42. Rg5 Rxa2 43. Rxc5 a5 44. Rb5 Rc2 45. Rxa5 Rxc4 46. Re5 Kg7 47. Rxe4 Rxe4+ 48. Kxe4 Kh6 49. Kd4 Kxh5 50. Kc4 b3 51. Kxb3 1/2-1/2

[Event "ETCC Women 2013"]
[Site "Warsaw"]
[Date "2013.11.15"]
[Round "7"]
[White "Danielian, Elina"]
[Black "Iwanow, Anna"]
[Result "1-0"]
[ECO "E62"]
[WhiteElo "2457"]
[BlackElo "2206"]
[PlyCount "99"]
[EventDate "2013.??.??"]
[EventCountry "POL"]
[WhiteTeam "Armenia"]
[BlackTeam "Poland"]
[WhiteTeamCountry "ARM"]
[BlackTeamCountry "POL"]
[TimeControl "40/5400+30:1800+30"]

1. d4 Nf6 2. Nf3 g6 3. c4 Bg7 4. g3 O-O 5. Bg2 d6 6. O-O c6 7. Nc3 Qa5 8.
e4 Qh5 9. Ng5 Qxd1 10. Rxd1 e5 11. dxe5 dxe5 12. Be3 Na6 13. h3 h6 14. Nf3 Re8 15. a3 Nd7 16. b4 Nf8 17. b5 Nc7 18. a4 Nfe6 19. a5 Rd8 20.
Rxd8+ Nxd8 21. Rd1 Nde6 22. Bf1 Kf8 23. Na4 Ke8 24. Nc5 f5 25.
exf5 gxf5 26. Nh4 f4 27. gxf4 exf4 28. Nxe6 Nxe6 29. Bc1 Bd7 30.
Nf5 Bc3 31. Ba3 c5 32. Bg2 Bxa5 33. Nd6+ Ke7 34. Nxb7 Rg8 35. Nxc5 Nxc5 36. Bxc5+ Ke8 37. Kh2 Rg5 38. Bd6 Rf5 39. Bf3 h5 40. Rg1 Bb6 41. Rg8+ Kf7 42. Rf8+ Ke6 43. Rxf5 Kxf5 44. c5 Bxb5 45. cxb6 axb6 46. Bxh5 Bc6 47. Bg4+ Kg5 48. f3 b5 49. h4+ Kxh4 50. Be7# 1-0

[Event "ETCC Women 2013"]
[Site "Warsaw"]
[Date "2013.11.15"]
[Round "7"]
[White "Daulyte, Deimante"]
[Black "Vega Gutierrez, Sabrina"]
[Result "1-0"]
[ECO "B33"]
[WhiteElo "2336"]
[BlackElo "2385"]
[PlyCount "67"]
[EventDate "2013.??.??"]
[EventCountry "POL"]
[WhiteTeam "Lithuania"]
[BlackTeam "Spain"]
[WhiteTeamCountry "LTU"]
[BlackTeamCountry "ESP"]
[TimeControl "40/5400+30:1800+30"]

1. e4 c5 2. Nf3 Nc6 3. d4 cxd4 4. Nxd4 Nf6 5. Nc3 e5 6. Ndb5 d6 7. Bg5 a6 8.
Na3 b5 9. Nd5 Be7 10. Bxf6 Bxf6 11. c3 Ne7 12. Nxf6+ gxf6 13. Bd3 d5 14. Qe2
Bb7 15. O-O-O Qb6 16. exd5 Nxd5 17. Bf5 Nf4 18. Qg4 Bxg2 19. Qg7 Rf8 20. Rhe1
Bh3 21. Bxh3 Nxh3 22. Qg2 Nxf2 23. Qxa8+ Ke7 24. Qf3 Nxd1 25. Rxd1 Rg8 26. Nc2
Rg1 27. Ne3 Rxd1+ 28. Kxd1 Qd8+ 29. Kc2 Kf8 30. Nf5 Qc8 31. Qd3 Qa8 32. Qd6+
Kg8 33. Ne7+ Kg7 34. Nd5 1-0

[Event "ETCC Women 2013"]
[Site "Warsaw"]
[Date "2013.11.15"]
[Round "7"]
[White "Dierckens, Sarah"]
[Black "Cosma, Elena-Luminita"]
[Result "1/2-1/2"]
[ECO "C10"]
[WhiteElo "1872"]
[BlackElo "2326"]
[PlyCount "130"]
[EventDate "2013.??.??"]
[EventCountry "POL"]
[WhiteTeam "Belgium"]
[BlackTeam "Romania"]
[WhiteTeamCountry "BEL"]
[BlackTeamCountry "ROU"]
[TimeControl "40/5400+30:1800+30"]

1. e4 e6 2. d4 d5 3. Nc3 h6 4. e5 c5 5. f4 cxd4 6. Qxd4 Ne7 7. Nb5 Nec6 8.
Qf2 a6 9. Nc3 Nd7 10. Be3 b5 11. O-O-O Bb7 12. Nf3 b4 13. Ne2 Rc8 14. Ned4 Nxd4 15. Nxd4 Nc5 16. f5 exf5 17. Nxf5 Ne4 18. Qf4 g6 19. Nd4 Bg7 20. e6 O-O 21. exf7+ Rxf7 22. Qg4 Qd6 23. Ne6 Nf6 24. Qh3 Qd7 25. Nxg7 Qxh3 26. gxh3 Kxg7 27. Rg1 Ne4 28. Bd3 Kh7 29. Rdf1 Rcf8 30. Rxf7+ Rxf7 31. Rf1 Rxf1+ 32. Bxf1 g5 33. Bd3 Kg6 34. Bc5 a5 35. Bb6 a4 36. Bc5 b3 37. axb3 axb3 38. cxb3 Bc8 39. b4 Bxh3 40. b5 Bc8 41. Bxe4+ dxe4 42. Kd2 Kf5 43. Ke3 Bb7 44. Kf2 h5 45. Be3 h4 46. b6 g4 47. b3 Bc6 48. Bd2 Bb7 49. Be3 Bc8 50. Kg2 Ke5 51. Kf2 Kf6 52. Kg2 Kf5 53. Kf2 Bb7 54. Bd2 g3+ 55. hxg3 h3 56. Kg1 Kg4 57. Kh2 Bc8 58. b4 Ba6 59. b5 Bc8 60. Bf4 Bb7 61.
Bd2 Bd5 62. Bf4 Ba8 63. Bd2 Bb7 64. Bf4 Bc8 65. Bd2 Bb7 1/2-1/2

[Event "ETCC Women 2013"]
[Site "Warsaw"]
[Date "2013.11.15"]
[Round "7"]
[White "Dzagnidze, Nana"]
[Black "Socko, Monika"]
[Result "1/2-1/2"]
[ECO "D38"]
[WhiteElo "2556"]
[BlackElo "2431"]
[PlyCount "117"]
[EventDate "2013.??.??"]
[EventCountry "POL"]
[WhiteTeam "Georgia"]
[BlackTeam "Poland"]
[WhiteTeamCountry "GEO"]
[BlackTeamCountry "POL"]
[TimeControl "40/5400+30:1800+30"]

1. d4 Nf6 2. c4 e6 3. Nf3 d5 4. Nc3 Bb4 5. cxd5 exd5 6. Qa4+ Nc6 7. Bg5 h6 8.
Bxf6 Bxc3+ 9. bxc3 Qxf6 10. e3 O-O 11. Be2 Qg6 12. O-O Bh3 13.
Ne1 Rad8 14. Qb5 Bc8 15. c4 a6 16. Qb1 Qxb1 17. Rxb1 dxc4 18. Bxc4 Na5 19. Bb3 Nxb3 20. axb3 Be6 21. Nf3 a5 22. Rfc1 c6 23. Rc5 Rd5 24. Kf1 Rfd8 25. b4 a4 26. Ra1 Ra8 27. Ra3 b6 28. Rxd5 cxd5 29. Ne5 f6 30.
Nd3 Bd7 31. Ke1 g5 32. Kd2 Bb5 33. Nb2 Kf7 34. Kc3 Ke6 35. Kd2 Kd6 36. Kc3 h5 37. Kd2 h4 38. Kc3 Ke6 39. Kd2 Kf5 40. Ke1 h3 41. gxh3 Ke6 42. Kd2 Ra7 43. Kc3 Kf5 44. Kd2 Kg6 45. f3 Rh7 46. Ke1 Rxh3 47.
Nxa4 Bxa4 48. Rxa4 Rxf3 49. Ke2 Rh3 50. Ra6 Rxh2+ 51. Kd3 Rb2 52. Rxb6 Rb3+ 53. Ke2 g4 54. Kf2 Kf5 55. Rd6 Rxb4 56. Rxd5+ Ke4 57. Rd6 Rb2+ 58. Kg3 Kxe3 59. Rxf6 1/2-1/2

[Event "ETCC Women 2013"]
[Site "Warsaw"]
[Date "2013.11.15"]
[Round "7"]
[White "Efroimski, Marsel"]
[Black "Havlikova, Kristyna"]
[Result "0-1"]
[ECO "B35"]
[WhiteElo "2313"]
[BlackElo "2237"]
[PlyCount "68"]
[EventDate "2013.??.??"]
[EventCountry "POL"]
[WhiteTeam "Israel"]
[BlackTeam "Czech Republic"]
[WhiteTeamCountry "ISR"]
[BlackTeamCountry "CZE"]
[TimeControl "40/5400+30:1800+30"]

1. e4 c5 2. Nf3 Nc6 3. d4 cxd4 4. Nxd4 g6 5. Nc3 Bg7 6. Be3 Nf6 7. Bc4 O-O 8.
Bb3 d6 9. h3 Bd7 10. O-O a6 11. Re1 Rc8 12. Nxc6 Bxc6 13. Nd5 Bxd5 14. exd5 Nd7 15. Bd4 Re8 16. Bxg7 Kxg7 17. Qd4+ Kg8 18. Re3 Nc5 19. c3 b5 20. Rae1 Nxb3 21. axb3 Qc7 22. Qh4 Qc5 23. Rxe7 Rxe7 24. Qxe7 Qxd5 25. b4 Rc4 26. Qd8+ Kg7 27. Re8 Re4 28. Rg8+ Kh6 29. Qf8+ Kg5 30. Rg7 Re1+ 31. Kh2 Qe5+ 32. g3 Qd5 33. h4+ Kg4 34. Qc8+ f5 0-1

[Event "ETCC Women 2013"]
[Site "Warsaw"]
[Date "2013.11.15"]
[Round "7"]
[White "Exler, Veronika"]
[Black "Collas, Silvia"]
[Result "1/2-1/2"]
[ECO "A40"]
[WhiteElo "2147"]
[BlackElo "2292"]
[PlyCount "98"]
[EventDate "2013.??.??"]
[EventCountry "POL"]
[WhiteTeam "Austria"]
[BlackTeam "France"]
[WhiteTeamCountry "AUT"]
[BlackTeamCountry "FRA"]
[TimeControl "40/5400+30:1800+30"]

1. d4 Nf6 2. c4 e6 3. g3 c5 4. Nf3 cxd4 5. Nxd4 d5 6. Bg2 e5 7. Nf3 e4 8. Nd4 Nc6 9. cxd5 Qxd5 10. Nxc6 Qxc6 11. O-O Bc5 12. Nc3 h6 13. Bf4 Bf5 14. Rc1 Rd8 15. Qb3 Qb6 16. Qb5+ Ke7 17. Qxb6 Bxb6 18. Na4 g5 19. Be5 Rd5 20. Nxb6 Rxe5 21. Rc7+ Ke6 22. Nc4 Rb5 23. a4 Nd5 24. axb5 Nxc7 25. b6 axb6 26. Nxb6 Rd8 27. Rc1 Nb5 28. e3 Rd6 29. Na4 Rc6 30. Rd1 Bg4 31. Re1 f5 32. Bf1 Nd6 33. h3 Bf3 34. b4 Rc2 35.
Nc5+ Kd5 36. Rb1 f4 37. gxf4 gxf4 38. exf4 Nf5 39. Nxb7 e3 40.
fxe3 Nh4 41. Nc5 Bh5 42. Bd3 Nf3+ 43. Kf1 Nd2+ 44. Ke1 Ra2 45.
Rc1 Nf3+ 46. Kf1 Nh2+ 47. Ke1 Nf3+ 48. Kf1 Nh2+ 49. Ke1 Nf3+ 1/2-1/2